 Dungeon Crawl Stone Soup version 0.26.1-10-gdfb7c7de75 (webtiles) character file.

Game seed: 1409149021728921060

4991 Phaedo the Covert (level 10, -4/63 HPs)
             Began as an Octopode Delver on Mar 31, 2021.
             Was a Priest of Zin.
             Hit by a javelin thrown by Urug (16 damage)
             ... on level 10 of the Dungeon.
             The game lasted 00:35:19 (14288 turns).

Phaedo the Covert (Octopode Delver)                Turns: 14288, Time: 00:35:20

Health: -4/63      AC:  1    Str: 12    XL:     10   Next: 54%
Magic:  9/14       EV: 22    Int: 15    God:    Zin [***...]
Gold:   423        SH:  0    Dex: 14    Spells: 5/9 levels left

rFire    . . .     SeeInvis .   a - +0 spear
rCold    . . .     Faith    .   (no shield)
rNeg     . . .     Spirit   .   (helmet restricted)
rPois    .         Reflect  .   (no amulet)
rElec    .         Harm     .   s - +4 ring of evasion
rCorr    +         Rampage  .   l - ring of resist corrosion
Will     .....                  (no ring)
Stlth    ++++++....             (no ring)
HPRegen  0.20/turn              (no ring)
MPRegen  0.14/turn              (no ring)
                                (no ring)
                                (no ring)

@: no status effects
A: almost no armour, stealthy swim, amphibious, 8 rings, constrict 8, camouflage
1, gelatinous body 1
a: Renounce Religion, Recite, Vitalisation, Imprison, Donate Gold


You were on level 10 of the Dungeon.
You worshipped Zin.
Zin was most pleased with you.
You visited 1 branch of the dungeon, and saw 10 of its levels.
You also visited: Ossuary.

You collected 469 gold pieces.
You donated 46 gold pieces to Zin.

Inventory:

Hand Weapons
 a - a +0 spear (weapon)
 b - a +0 hunting sling
 e - a +4 scimitar
Missiles
 h - 364 stones
 t - 5 curare-tipped darts (quivered)
 B - 85 sling bullets
Jewellery
 l - a ring of resist corrosion (right tentacle)
 s - a +4 ring of evasion (left tentacle)
 x - an uncursed amulet of faith
 C - an uncursed ring of fire
Wands
 f - a wand of digging (8)
 g - a wand of acid (11)
 E - a wand of iceblast (18)
 G - a wand of enslavement (6)
 J - a wand of disintegration (15)
Scrolls
 c - 2 scrolls of magic mapping
 d - 2 scrolls of fear
 j - a scroll of noise {unknown}
 m - 7 scrolls of remove curse
 n - 2 scrolls of enchant armour {unknown}
 o - 4 scrolls of teleportation
 u - 3 scrolls of fog
 v - a scroll of immolation {unknown}
 y - a scroll of amnesia {unknown}
 A - a scroll of blinking {unknown}
 D - 6 scrolls of identify
 F - a scroll of brand weapon {unknown}
 I - a scroll of summoning {unknown}
Potions
 i - 2 potions of flight
 k - 3 potions of curing
 p - a potion of brilliance
 q - a potion of haste
 r - 3 potions of ambrosia
 w - 2 potions of attraction
 z - 2 potions of cancellation
 H - a potion of invisibility {unknown}


   Skills:
 - Level 3.0 Fighting
 * Level 2.0 Long Blades
 - Level 5.9 Polearms
 + Level 7.6 Dodging
 - Level 12.0 Stealth
 * Level 8.5 Poison Magic
 + Level 6.5 Invocations


You had 5 spell levels left.
You knew the following spells:

 Your Spells              Type           Power        Failure   Level
a - Olgreb's Toxic Radia  Pois           25%          9%          4

Your spell library contained the following spells:

 Spells                   Type           Power        Failure   Level
 Sting                    Tmut/Pois      48%          4%          1
 Poisonous Vapours        Pois/Air       24%          7%          2
 Ignite Poison            Fire/Tmut/Pois 8%           26%         3
 Mephitic Cloud           Conj/Pois/Air  8%           26%         3
 Confusing Touch          Hex            0%           63%         3
 Gell's Gravitas          Tloc           0%           63%         3
 Petrify                  Tmut/Erth      0%           95%         4
 Bolt of Magma            Conj/Fire/Erth 0%           100%        5
 Iskenderun's Battlesphe  Conj           0%           100%        5
 Metabolic Englaciation   Hex/Ice        0%           100%        5
 Yara's Violent Unravell  Hex/Tmut       0%           100%        5
 Iron Shot                Conj/Erth      0%           100%        6
 Orb of Destruction       Conj           0%           100%        7
 Spellforged Servitor     Conj/Summ      0%           100%        7


Dungeon Overview and Level Annotations

Branches:
Dungeon (10/15)            Temple (0/1) D:7            Lair (0/6) D:8
Ossuary (visited)
    Orc: D:9-12

Altars:
Ashenzari
Dithmenos
Elyvilon
Fedhas
Gozag
Kikubaaqudgha
Makhleb
Okawaru
Qazlal
Ru
Uskayaw
Vehumet
Wu Jian
Xom
Zin

Annotations:
D:3 2 transporters, Phaedo's ghost, amateur BaIE
D:4 Edmund
D:10 Urug


Innate Abilities, Weirdness & Mutations

You cannot wear most types of armour.
You are very stealthy in the water. (Stealth+)
You are amphibious.
You can wear up to eight rings at the same time.
You can use your tentacles to constrict eight enemies at once.
Your skin changes colour to match your surroundings (Stealth+).
Your rubbery body absorbs attacks. (AC +1, EV +1)


Message History

Unknown command.
You kill the orc!
You feel a bit more experienced.
The orc wizard mumbles some strange words.
The orc wizard blinks!
Urug looks more healthy.
The orc warrior hits you from afar with a +0 trident!
You feel a bit more experienced.
The orc warrior looks more healthy.
An orc warrior comes into view. It is wielding a +0 trident.
An orc wizard comes into view.
It is wielding a +0 dagger and wearing a +2 robe of fire resistance.
The orc wizard casts a spell at you. The puff of flame hits you!
The orc warrior shouts!
The orc warrior hits you from afar with a +0 trident!
* * * LOW HITPOINT WARNING * * *
The orc warrior barely misses you.
Urug suddenly jeers.
Urug throws a javelin.
The javelin pierces through you!
You die...

....#..# ..# ##.........##
#.....## #.# #...........##
#...#.# #.# #.............
#...#.## ##.#####..........#
#......# #.......>.......<.#
#......#####.................#
#......o.o....oo...#.....รท..##
.....#######.......#........#
#...# #.o..@............# ####
########..........#
#..........# #..|.......#
#..........# ##........##
##......## ########


You could see Urug, 2 orc warriors and an orc wizard.

Vanquished Creatures
  Fannar (D:10)
  Pikel (D:4)
  A wyvern (D:10)
  3 water moccasins
  2 ice beasts
  2 orc warriors
  Purgy (D:3)
  A phantom (D:4)
  4 sky beasts
  An eye of draining (D:8)
  A black bear (D:7)
  6 ogres
  A centaur (D:8)
  2 lemures
  5 bullfrogs
  A wyvern zombie (D:6)
  A water moccasin skeleton (D:7)
  2 scorpions
  7 wights
  A howler monkey (D:8)
  4 hounds
  2 orc priests
  4 centaur skeletons
  5 orc wizards
  3 worker ants
  An iguana (D:6)
  14 mummies (Ossuary)
  4 gnolls (D:5)
  5 adders
  3 shadow imps
  3 white imps
  An ufetubus (D:5)
  An ooze (D:3)
  3 worms
  A dart slug (D:4)
  2 leopard geckos
  16 orcs
  A ball python (D:3)
  A giant cockroach (D:4)
  8 goblins
  7 hobgoblins
  2 jackals (D:1)
  3 quokkas
  5 bats
  2 frilled lizards
  3 goblin skeletons (Ossuary)
  7 kobolds
  A kobold skeleton (Ossuary)
  4 orc skeletons (Ossuary)
  A quokka zombie (D:4)
  5 rats
  11 rat skeletons (Ossuary)
  A rat zombie (D:4)
178 creatures vanquished.

Vanquished Creatures (others)
  9 fungi (D:8)
  11 plants
20 creatures vanquished.

Grand Total: 198 creatures vanquished

Notes
Turn   | Place    | Note
-------+----------+-------------------------------------------
     0 | D:5      | Phaedo the Octopode Delver began the quest for the Orb.
     0 | D:5      | Reached XP level 1. HP: 16/16 MP: 1/1
    60 | D:5      | Noticed a lemure
    72 | D:4      | Found a sand-covered staircase.
   142 | Ossuary  | Entered an ossuary
   172 | Ossuary  | Reached skill level 7 in Stealth
   172 | Ossuary  | Reached XP level 2. HP: 11/21 MP: 2/2
   331 | Ossuary  | Reached XP level 3. HP: 26/26 MP: 3/3
   633 | Ossuary  | Reached XP level 4. HP: 31/31 MP: 4/4
   920 | Ossuary  | Reached XP level 5. HP: 17/36 MP: 5/5
  1182 | Ossuary  | Reached skill level 8 in Stealth
  1455 | D:4      | Found a burning altar of Makhleb.
  2441 | D:2      | Reached XP level 6. HP: 42/42 MP: 6/6
  2662 | D:2      | Found a stormy altar of Qazlal.
  3131 | D:3      | Noticed Purgy
  3164 | D:3      | Killed Purgy
  3567 | D:3      | Noticed Phaedo's ghost (amateur BaIE)
  3568 | D:3      | Found a transporter.
  3573 | D:3      | Identified the +1 dire flail "Doleud" {vorpal, rPois rF-
                  | rC+}
  3579 | D:3      | Found a transporter.
  3694 | D:3      | Found a blossoming altar of Fedhas.
  3784 | D:3      | Found an opulent altar of Gozag.
  4043 | D:4      | Noticed Edmund
  4135 | D:4      | Noticed a phantom
  4224 | D:4      | Killed a phantom
  4225 | D:4      | Reached skill level 9 in Stealth
  4225 | D:4      | Reached XP level 7. HP: 14/46 MP: 7/7
  4698 | D:4      | Found a broken altar of Ashenzari.
  4822 | D:4      | Noticed a cacodemon
  4825 | D:4      | Found a glowing silver altar of Zin.
  4825 | D:4      | Noticed an angel
  4854 | D:4      | Became a worshipper of Zin the Law-Giver
  4854 | D:4      | Reached * piety under Zin
  5108 | D:5      | Reached skill level 1 in Invocations
  5151 | D:5      | Noticed Pikel
  5491 | D:4      | Killed Pikel
  5492 | D:4      | Reached skill level 5 in Polearms
  5492 | D:4      | Reached skill level 5 in Dodging
  5492 | D:4      | Reached XP level 8. HP: 16/52 MP: 7/10
  5831 | D:5      | Reached skill level 10 in Stealth
  6214 | D:5      | Found an iron altar of Okawaru.
  6341 | D:5      | Found a shadowy altar of Dithmenos.
  6341 | D:5      | Found a shimmering altar of Xom.
  6464 | D:5      | Reached ** piety under Zin
  6490 | D:5      | You fall into a shaft and drop 3 floors!
  6969 | D:6      | Learned a level 4 spell: Olgreb's Toxic Radiance
  7151 | D:6      | Reached skill level 1 in Poison Magic
  7851 | D:6      | Noticed a +0 dagger
  7854 | D:6      | Noticed a +0 hand axe
  7855 | D:6      | Found a hide-covered altar of Uskayaw.
  8111 | D:6      | Reached XP level 9. HP: 25/56 MP: 12/12
  8398 | D:6      | Found a radiant altar of Vehumet.
  9273 | D:7      | Reached skill level 11 in Stealth
  9273 | D:7      | Reached skill level 5 in Poison Magic
  9422 | D:7      | Reached skill level 5 in Invocations
  9617 | D:7      | Found a staircase to the Ecumenical Temple.
  9733 | D:7      | Found a white marble altar of Elyvilon.
  9859 | D:8      | HP: 2/56 [orc priest/divine providence (10)]
 10302 | D:8      | Reached *** piety under Zin
 10847 | D:8      | Reached XP level 10. HP: 53/63 MP: 14/14
 11476 | D:7      | Found a white marble altar of Elyvilon.
 11849 | D:7      | Found a staircase to the Ecumenical Temple.
 12598 | D:8      | Found a staircase to the Lair.
 12769 | D:8      | Found an ancient bone altar of Kikubaaqudgha.
 13616 | D:9      | Found an ornate altar of the Wu Jian Council.
 13617 | D:9      | Found a sacrificial altar of Ru.
 13917 | D:10     | Entered Level 10 of the Dungeon
 13919 | D:10     | Noticed Fannar
 13929 | D:10     | Reached skill level 12 in Stealth
 14008 | D:10     | Killed Fannar
 14009 | D:10     | Reached skill level 1 in Long Blades
 14271 | D:10     | Noticed Urug
 14288 | D:10     | Hit by a javelin thrown by Urug

Illustrated notes

Levels and vault maps discovered:
D:1:      dpeg_arrival_refuge, layout_loops_ring
D:2:      layout_basic, lemuel_coloured_pillars_altar
D:3:      layout_basic, nicolae_gozag_seed_capital, gammafunk_ghost_smash,
          chequers_serial_rivers_small_3, serial_bayou_pond_a, fedhas_altar_1,
          uniq_purgy
D:4:      layout_basic, grunt_temple_overflow_order_and_chaos_2,
          kennysheep_mini_moat, enter_ossuary_4, uniq_edmund
D:5:      layout_layer_cave, lemuel_crystal_altar,
          gammafunk_temple_overflow_elements, uniq_pikel
D:6:      layout_basic, dancing_weapons_uskayaw, old_standard_altar
D:7:      layout_basic, minmay_temple_entry_fiery, basic_altar
D:8:      layout_cave_pools, lemuel_doored_altar, grunt_lair_entry_orc_guard_hut
D:9:      layout_roguey, minitemple, mrwooster_statue_mirror
D:10:     layout_rooms, uniq_harold, uniq_fannar, uniq_urug

Skill      XL: |  1  2  3  4  5  6  7  8  9 10 |
---------------+-------------------------------+-----
Stealth        | 7 8 9 10 11 12 | 12.0
Polearms       | 3 4 5 |  5.9
Dodging        | 3 4 5 6 7 |  7.6
Invocations    | 2 4 5 6 |  6.5
Poison Magic   | 3 6 8 |  8.5
Long Blades    | 2 |  2.0
Fighting       | |  3.0

Action                   |  1- 3 |  4- 6 |  7- 9 | 10-12 || total
-------------------------+-------+-------+-------+-------++-------
Melee: Spear             |    46 |   229 |   409 |    89 ||   773
       Constrict         |     9 |    36 |    47 |     7 ||    99
       Tentacles         |     9 |    34 |    87 |    13 ||   143
 Fire: Hunting sling     |       |    22 |    55 |       ||    77
Throw: Stone             |     1 |     2 |       |       ||     3
       Dart              |       |       |    11 |     9 ||    20
 Cast: Olgreb's Toxic Ra |       |       |     1 |     8 ||     9
Invok: Recite            |       |       |     3 |       ||     3
Evoke: Wand              |       |     5 |     1 |     7 ||    13
  Use: Scroll            |       |    12 |     3 |       ||    15
       Potion            |       |       |     5 |       ||     5
 Stab: Sleeping          |     7 |    38 |    13 |     4 ||    62
       Confused          |       |     3 |       |       ||     3
       Distracted        |       |     1 |     1 |     2 ||     4
Armor: Skin              |       |     4 |     6 |       ||    10
Dodge: Dodged            |    11 |    58 |   258 |    44 ||   371
